 Dungeon Crawl Stone Soup version 0.25-b1-23-ge2ad7d536c (webtiles) character file.

Game seed: 9741124549438199994, levelgen mode: deterministic

1 lepoulpe303 the Vexing (level 1, 0/12 HPs)
             Began as a Kobold Arcane Marksman on May 28, 2020.
             Slain by a jackal (3 damage)
             ... on level 1 of the Dungeon.
             The game lasted 00:00:54 (311 turns).

lepoulpe303 the Vexing (Kobold Arcane Marksman)      Turns: 311, Time: 00:00:54

Health: 0/12       AC:  2    Str:  7    XL:     1   Next: 22%
Magic:  1/2        EV: 15    Int: 14    God:
Gold:   0          SH:  0    Dex: 15    Spells: 1/2 levels left

rFire    . . .     SeeInvis .   d - +0 spear
rCold    . . .     Gourm    .   (shield restricted)
rNeg     . . .     Faith    .   f - +0 robe
rPois    .         Spirit   .   (no helmet)
rElec    .         Reflect  .   (no cloak)
rCorr    .         Harm     .   (no gloves)
MR       .....                  (no boots)
Stlth    +.........             (no amulet)
HPRegen  0.04/turn              (no ring)
MPRegen  0.08/turn              (no ring)

@: no status effects
A: small, carnivore
a: no special abilities


You were on level 1 of the Dungeon.
You were not hungry.

You visited 1 branch of the dungeon, and saw 1 of its levels.

Inventory:

Hand Weapons
 a - a +0 hand crossbow
 d - a +0 spear (weapon)
Missiles
 Q - 20 bolts
Armour
 b - a +0 buckler
 f - a +0 robe (worn)
Potions
 c - a potion of magic {unknown}
Comestibles
 e - a ration


   Skills:
 + Level 1.1 Fighting
 * Level 2.4 Crossbows
 + Level 2.4 Dodging
 + Level 0.0 Shields
 + Level 1.1 Spellcasting
 * Level 3.0 Hexes


You had one spell level left.
You knew the following spells:

 Your Spells              Type           Power        Failure   Level  Hunger
v - Corona                Hex            #......      8%          1    ##.....

Your spell library contained the following spells:

 Spells                   Type           Power        Failure   Level  Hunger
 Slow                     Hex            #.......     12%         2    ###....
 Inner Flame              Hex/Fire       #.......     38%         3    ####...
 Portal Projectile        Hex/Tloc       #.....       38%         3    ####...
 Cause Fear               Hex            #.........   58%         4    #####..
 Leda's Liquefaction      Hex/Erth       #.........   80%         4    #####..


Dungeon Overview and Level Annotations

Branches:
Dungeon (1/15)

Altars:


Innate Abilities, Weirdness & Mutations

You are small and have problems with some larger weapons.
You are carnivorous and can eat meat at any time.


Message History

* * * LOW HITPOINT WARNING * * *
You take 3 damage, and have 7/12 hp.
MASSIVE DAMAGE!!
The jackal bites you but does no damage.
The jackal bites you.
* * * LOW HITPOINT WARNING * * *
There is an open door here.
You take 3 damage, and have 4/12 hp.
MASSIVE DAMAGE!!
The jackal bites you.
* * * LOW HITPOINT WARNING * * *
You take 1 damage, and have 3/12 hp.
Aim: a jackal (chance to defeat MR: 62%)
The jackal is outlined in light.
The jackal completely misses you.
You now have 1/2 mp.
You barely miss the jackal. The jackal closely misses you.
The jackal misses you.
You hit the jackal. The jackal barely misses you.
You hit the jackal. The jackal barely misses you. The jackal bites you.
You die...

#.........h
#.......... .
####'#####....
#...>....h....
#....w########
#.....# ###
#.. #.....#
#.# #..
#.....######.#
##..
#.....hh@....#
...
#....)######.#
.. #.. #.....#
#.######. #..
#.....#
#......#. #..
#.....#
######.#.###..
#[....#
#....#.#..##.#
#######
+....#.##.##.#
#....#(##.##.#
#......##.##.#


You could see 2 jackals.

Levels and vault maps discovered:
D:1:      dpeg_arrival_boxes_within_box, layout_basic

Notes
Turn   | Place    | Note
-------+----------+-------------------------------------------
     0 | D:1      | lepoulpe303 the Kobold Arcane Marksman began the quest for
                  | the Orb.
     0 | D:1      | Reached XP level 1. HP: 12/12 MP: 2/2
    94 | D:1      | Identified a +0 club
   286 | D:1      | Identified a +0 spear (You found it on level 1 of the
                  | Dungeon)
   306 | D:1      | HP: 3/12 [jackal (1)]
   311 | D:1      | Slain by a jackal

Table legend:
 A = Turns spent in this place as a percentage of turns spent in the entire game.
 B = Non-inter-level travel turns spent in this place as a percentage of non-inter-level travel turns spent in the entire game.
 C = Inter-level travel turns spent in this place as a percentage of turns spent in this place.
 D = Turns resting spent in this place as a percentage of non-inter-level travel turns spent in this place.
 E = Turns spent auto-exploring this place as a percentage of non-inter-level travel turns spent in this place.
 F = Non-inter-level travel turns spent in this place divided by the number of levels of this place that you've seen.
                   A       B       C       D       E      F
               +-------+-------+-------+-------+-------+----------------------
         Total | 100.0 | 100.0 |   0.0 |  55.0 |  30.5 | 311.0
       Dungeon | 100.0 | 100.0 |   0.0 |  55.0 |  30.5 | 311.0
               +-------+-------+-------+-------+-------+----------------------

Table legend:
 A = Kills in this place as a percentage of kills in entire the game.
 B = Kills by you in this place as a percentage of kills by you in the entire game.
 C = Kills by friends in this place as a percentage of kills by friends in the entire game.
 D = Other kills in this place as a percentage of other kills in the entire game.
 E = Experience gained in this place as a percentage of experience gained in the entire game.
 F = Experience gained in this place divided by the number of levels of this place that you have seen.
                   A       B       C       D       E      F
               +-------+-------+-------+-------+-------+----------------------
         Total | 100.0 | 100.0 |   N/A |   N/A | 100.0 |   2.0
       Dungeon | 100.0 | 100.0 |   N/A |   N/A | 100.0 |   2.0
               +-------+-------+-------+-------+-------+----------------------

Action                   || total
-------------------------++-------
Melee: Spear             ||     6
 Fire: Hand crossbow     ||     5
 Cast: Corona            ||     1
Armor: Robe              ||     2
Dodge: Dodged            ||    12

Vanquished Creatures
  A hobgoblin (D:1)
1 creature vanquished.
